 Dungeon Crawl Stone Soup version 0.31.0-9-g3a7656b989 (webtiles) character file.

Game seed: 1465342701030973240

56 qw the Shooter (level 3, 0/20 HPs)
             Began as a Deep Elf Hunter on Feb 2, 2024.
             Slain by Sigmund
             ... wielding a +0 scythe
              (9 damage)
             ... on level 3 of the Dungeon.
             The game lasted 00:00:05 (1230 turns).

qw the Shooter (Deep Elf Hunter)                    Turns: 1230, Time: 00:00:05

Health: 0/20       AC:  2    Str: 10    XL:     3   Next: 69%
Magic:  5/5        EV: 12    Int: 15    God:
Gold:   96         SH:  0    Dex: 21    Spells: 2/2 levels left

rFire   . . .        a - +1 shortbow
rCold   . . .        (shield currently unavailable)
rNeg    . . .        c - +0 leather armour
rPois   .            (no helmet)
rElec   .            (no cloak)
rCorr   .            (no gloves)
SInv    .            b - -2 pair of boots "Ytaysen" {Int+2 Dex+3}
Will    .....        (no amulet)
Stlth   ++           (no ring)
HPRegen 0.23/turn    (no ring)
MPRegen 0.09/turn

%: no passive effects
@: no status effects
A: no striking features
a: no special abilities


You were on level 3 of the Dungeon.
You visited 1 branch of the dungeon, and saw 3 of its levels.

You collected 96 gold pieces.


   Skills:
 - Level 1.5 Fighting
 - Level 7.1 Ranged Weapons
 + Level 2.5 Dodging
 - Level 1.2 Stealth


You had 2 spell levels left.
You didn't know any spells.
Your spell library was empty.

Inventory:

Hand Weapons
 a - a +1 shortbow (weapon)
Armour
 b - the -2 pair of boots "Ytaysen" (worn) {Int+2 Dex+3}
   (You acquired it on level 2 of the Dungeon)

   Int+2:     It affects your intelligence (+2).
   Dex+3:     It affects your dexterity (+3).
 c - a +0 leather armour (worn)
Scrolls
 i - a scroll of teleportation
Potions
 f - a potion of curing
 g - a potion of mutation

Dungeon Overview and Level Annotations

Branches:
Dungeon (3/15)

Altars:

Annotations:
D:3 Sigmund


Message History

What level of the Dungeon? (default 3, ? - help)
You climb downwards.
There is a stone staircase leading up here.
There are monsters nearby!
Waypoint 2 assigned to D:3.
You shoot an arrow.
The arrow hits the orc but does no damage.
Sigmund shouts!
The rat squeaks loudly.
You hear a shout!
You shoot an arrow. The arrow hits the orc.
The orc is heavily wounded.
A ball python comes into view.
You shoot an arrow. The arrow closely misses the orc.
1221 ||| STAIRDANCE The orc closely misses you.
You climb upwards.
There is a stone staircase leading down here.
You shoot an arrow. The arrow barely misses the orc.
The orc barely misses you.
You shoot an arrow. The arrow barely misses the orc.
The orc closely misses you.
You shoot an arrow. The arrow hits the orc!
You kill the orc!
You climb downwards.
Level annotation: Sigmund The ball python bites you.
The ball python misses you. The rat bites you. The ball python bites you.
The ball python grabs you. The ball python constricts you.
There is a stone staircase leading up here.
You shoot an arrow.
The arrow barely misses the ball python.
The rat barely misses you. The ball python bites you.
The ball python constricts you.
You shoot an arrow. The arrow hits the ball python!
You kill the ball python!
The rat barely misses you.
Sigmund hits you from afar with a +0 scythe.
1230 ||| STAIRDANCE The rat closely misses you.
Sigmund hits you from afar with a +0 scythe!
You die...
Sigmund begins carving another notch in his scythe.

#### .
... ...
..#
....###@#
.......r#
.......@#
........#
........#
####....#
#....#
######


You could see Sigmund and a rat.

Vanquished Creatures
  A gnoll (D:1)
  An adder (D:2)
  A ribbon worm (D:2)
  An orc (D:2)
  3 bats (D:1)
  2 endoplasms
  3 giant cockroaches
  2 goblins
  5 hobgoblins
  4 kobolds
  A quokka (D:1)
  4 ball pythons
  2 frilled lizards (D:1)
  A rat (D:2)
31 creatures vanquished.

Notes
Turn   | Place    | Note
-------+----------+-------------------------------------------
     0 | D:1      | qw the Deep Elf Hunter began the quest for the Orb.
     0 | D:1      | Reached XP level 1. HP: 12/12 MP: 3/3
     0 | D:1      | 0 ||| qw: Version: 0.3-a-155-g5e7d8dd
     0 | D:1      | 0 ||| qw: Game counter: 340
     0 | D:1      | 0 ||| qw: Melee chars always use a shield: true
     0 | D:1      | 0 ||| qw: God list: Okawaru
     0 | D:1      | 0 ||| qw: Allow faded altars: false
     0 | D:1      | 0 ||| qw: Do Orc after clearing Dungeon:15 true
     0 | D:1      | 0 ||| qw: Do second Lair branch before Depths: true
     0 | D:1      | 0 ||| qw: Lair rune preference: random
     0 | D:1      | 0 ||| qw: Goals: Normal
     0 | D:1      | 0 ||| PLANNING D:1-11
   119 | D:1      | Reached skill level 6 in Ranged Weapons
   119 | D:1      | Reached XP level 2. HP: 16/16 MP: 4/4
   374 | D:1      | Reached XP level 3. HP: 20/20 MP: 5/5
   511 | D:1      | 511 ||| READING scroll labelled WOSHOBBI CENTY.
   512 | D:1      | 512 ||| READING scroll labelled CUNUGO PUVVERR.
   513 | D:1      | 513 ||| READING scroll labelled VOMETZ HOPUITH.
   517 | D:1      | 517 ||| DRINKING 2 amethyst potions.
   518 | D:1      | 518 ||| DROPPING scroll of butterflies.
   941 | D:2      | Reached skill level 7 in Ranged Weapons
  1124 | D:2      | 1124 ||| READING scroll labelled QANOMO ICRUAZI.
  1124 | D:2      | Identified a scroll of acquirement
  1124 | D:2      | 1124 ||| ACQUIRING -2 pair of boots "Ytaysen" {Int+2 Dex+3}
  1124 | D:2      | Acquired the -2 pair of boots "Ytaysen" {Int+2 Dex+3}
  1126 | D:2      | 1126 ||| UPGRADING to -2 pair of boots "Ytaysen" {Int+2
                  | Dex+3}.
  1131 | D:2      | 1131 ||| READING scroll labelled HIERRATRAO.
  1131 | D:2      | 1131 ||| IDENTIFYING clear potion
  1132 | D:2      | 1132 ||| READING scroll labelled BATOIK PUDADICK.
  1132 | D:2      | 1132 ||| ENCHANTING +0 shortbow.
  1133 | D:2      | 1133 ||| READING scroll labelled MEBASU MIXO.
  1134 | D:2      | 1134 ||| READING scroll labelled BOTUWI MUAKHUOVA.
  1135 | D:2      | 1135 ||| READING scroll labelled LOOTEERHI.
  1135 | D:2      | 1135 ||| ENCHANTING +1 shortbow.
  1137 | D:2      | 1137 ||| Stepping ~*~*~tactically~*~*~ (cloud).
  1137 | D:2      | HP: 5/20 [poisoned by you (poison gas)]
  1138 | D:2      | 1138 ||| DRINKING 2 potions of curing.
  1138 | D:2      | 1138 ||| (to cure poison)
  1217 | D:3      | Noticed Sigmund
  1221 | D:3      | 1221 ||| STAIRDANCE
  1230 | D:3      | 1230 ||| STAIRDANCE
  1230 | D:3      | Slain by Sigmund

Levels and vault maps discovered:
D:1:      nicolae_arrival_washed_ashore, layout_basic
D:2:      layout_loops_cross, kennysheep_generic_room_14
D:3:      layout_basic, nicolae_hepliaklqana_hazy_memory, uniq_terence,
          uniq_grinder, uniq_sigmund, uniq_ijyb

Skill      XL: |  1  2  3 |
---------------+----------+-----
Ranged Weapons | 6 7 |  7.1
Fighting       | |  1.5
Dodging        | |  2.5
Stealth        | |  1.2

Action                     || total
---------------------------++-------
   Fire: Shortbow          ||    83
    Use: Scroll            ||     9
         Potion            ||     2
 Armour: Leather armour    ||    19
  Dodge: Dodged            ||    17

Table legend:
 A = Non-vault XP
 B = Vault XP
 C = Vault XP percentage of total XP
 D = Non-vault monster count
 E = Vault monster count
 F = Vault count percentage of total count
                 A         B        C        D         E       F
            +---------+---------+-------+---------+---------+-------
      Total |      80 |       0 |   0.0 |      31 |       0 |   0.0
            +---------+---------+-------+---------+---------+-------
        D:1 |      43 |       0 |   0.0 |      18 |       0 |   0.0
        D:2 |      36 |       0 |   0.0 |      12 |       0 |   0.0
        D:3 |       1 |       0 |   0.0 |       1 |       0 |   0.0
            +---------+---------+-------+---------+---------+-------
